PAAA
PLYMOUTH ROCKS @ CALGARY LYNX
06/10/2031
 
TOP OF THE 1ST
Plymouth Rocks batting - Pitching for Calgary Lynx : LHP Andrew Moody
Pitching: LHP Andrew Moody
Batting: LHB Jeff Lawson 0-0: Foul Ball, location: 2F
0-1: Ball
1-1: Ball
2-1: Ball
3-1: Called Strike
3-2: Strikes out swinging
Batting: RHB Chris Costa 0-0: Ball
1-0: Fly out, F9 (Flyball, 9S)
Batting: LHB José Castillo 0-0: Foul Ball, location: 2F
0-1: Swinging Strike
0-2: Strikes out looking
Top of the 1st over - 0 runs, 0 hits, 0 errors, 0 left on base; Plymouth 0 - Calgary 0
BOTTOM OF THE 1ST
Calgary Lynx batting - Pitching for Plymouth Rocks : LHP Luis Arreola
Pitching: LHP Luis Arreola
Batting: RHB Jing-sheng Joo 0-0: SINGLE (Flyball, 89M)
Batting: SHB Ted Striker 0-0: Ball
1-0: Called Strike
1-1: Ball
2-1: Ball
3-1: Base on Balls
Jing-sheng Joo to second
Batting: RHB Yifu Chen 0-0: Ball
1-0: Fly out, F4 (Line Drive, 4)
Batting: RHB Taylor Landis 0-0: Ball
1-0: Swinging Strike
1-1: Ground out 3-1 (Groundball, 34S)
Jing-sheng Joo to third
Ted Striker to second
Batting: LHB Daniel García 0-0: Ball
1-0: Foul Ball, location: 2F
1-1: Ground out 1-3 (Groundball, P)
Bottom of the 1st over - 0 runs, 1 hit, 0 errors, 2 left on base; Plymouth 0 - Calgary 0
TOP OF THE 2ND
Plymouth Rocks batting - Pitching for Calgary Lynx : LHP Andrew Moody
Batting: SHB Roku Hara 0-0: SINGLE (Flyball, 89S)
Batting: SHB Javier Vega 0-0: Ball
1-0: Fly out, F4 (Popup, 34)
Batting: RHB Cosmo Bjorkenheim 0-0: Called Strike
0-1: Ground out 5-3 (Groundball, 5S)
Roku Hara to second
Batting: LHB Edgardo De Jesús 0-0: Ball
1-0: Swinging Strike
1-1: Called Strike
1-2: SINGLE (Groundball, 4MD)
Roku Hara to third
Runner from 3rd tries for Home, SAFE, throw made home
Batting: RHB Chris Teague 0-0: Ball
1-0: Fielders Choice at 2nd, 5-4 (Groundball, 5)
Top of the 2nd over - 1 run, 2 hits, 0 errors, 1 left on base; Plymouth 1 - Calgary 0
BOTTOM OF THE 2ND
Calgary Lynx batting - Pitching for Plymouth Rocks : LHP Luis Arreola
Batting: RHB Ieyoshi Yamamoto 0-0: Called Strike
0-1: SINGLE (Groundball, 6MD)
Batting: RHB Michael Garrett 0-0: Ball
1-0: Ball
2-0: Ball
3-0: Called Strike
3-1: Called Strike
3-2: Base on Balls
Ieyoshi Yamamoto to second
Batting: LHB Francisco Santos 0-0: Fly out, F9 (Flyball, 9LS)
Batting: RHB Juan Martínez 0-0: Called Strike
0-1: Ball
1-1: Fly out, F9 (Line Drive, 9LS)
Batting: RHB Jing-sheng Joo 0-0: Ball
1-0: Foul Ball, location: 2F
1-1: SINGLE (Flyball, 89S)
Ieyoshi Yamamoto to third
Michael Garrett to second
Batting: SHB Ted Striker 0-0: Ball
1-0: Foul Ball, location: 2F
1-1: Called Strike
1-2: Ball
2-2: Ball
3-2: Base on Balls
Ieyoshi Yamamoto scores
Michael Garrett to third
Jing-sheng Joo to second
Batting: RHB Yifu Chen 0-0: Called Strike
0-1: Ball
1-1: Fly out, F6 (Line Drive, 6)
Bottom of the 2nd over - 1 run, 2 hits, 0 errors, 3 left on base; Plymouth 1 - Calgary 1
TOP OF THE 3RD
Plymouth Rocks batting - Pitching for Calgary Lynx : LHP Andrew Moody
Batting: RHB Luis Guerrero 0-0: Fly out, F3 (Popup, 3F)
Batting: LHB Jeff Lawson 0-0: Called Strike
0-1: Ball
1-1: Foul Ball, location: 2F
1-2: Foul Ball, location: 2F
1-2: Ball
2-2: Hit by Pitch
Pinch Runner at 1st Sadakuno Taketo:
Batting: RHB Chris Costa 0-0: Ball
1-0: Called Strike
1-1: Foul Ball, location: 2F
1-2: Strikes out looking
Batting: LHB José Castillo 0-0: Called Strike
0-1: Swinging Strike
0-2: Ball
1-2: Ball
2-2: Strikes out swinging
Top of the 3rd over - 0 runs, 0 hits, 0 errors, 1 left on base; Plymouth 1 - Calgary 1
BOTTOM OF THE 3RD
Calgary Lynx batting - Pitching for Plymouth Rocks : LHP Luis Arreola
Now in LF: Sadakuno Taketo
Batting: RHB Taylor Landis 0-0: Ball
1-0: Called Strike
1-1: Fly out, F5 (Flyball, 5D)
Batting: LHB Daniel García 0-0: Ball
1-0: Ball
2-0: Foul Ball, location: 2F
2-1: Foul Ball, location: 2F
2-2: Foul Ball, location: 2F
2-2: Foul Ball, location: 2F
2-2: Ground out U3 (Groundball, 3S)
Batting: RHB Ieyoshi Yamamoto 0-0: Ball
1-0: Ball
2-0: Called Strike
2-1: Ball
3-1: Ground out 1-3 (Groundball, 15S)
Bottom of the 3rd over - 0 runs, 0 hits, 0 errors, 0 left on base; Plymouth 1 - Calgary 1
TOP OF THE 4TH
Plymouth Rocks batting - Pitching for Calgary Lynx : LHP Andrew Moody
Batting: SHB Roku Hara 0-0: Swinging Strike
0-1: Ball
1-1: Ball
2-1: Fly out, F9 (Flyball, 9D)
Batting: SHB Javier Vega 0-0: Called Strike
0-1: Swinging Strike
0-2: Ball
1-2: Strikes out swinging
Batting: RHB Cosmo Bjorkenheim 0-0: SOLO HOME RUN (Flyball, 78XD), Distance : 411 ft
Batting: LHB Edgardo De Jesús 0-0: Called Strike
0-1: SINGLE (Groundball, 4D)
Batting: RHB Chris Teague 0-0: Ball
1-0: Foul Ball, location: 2F
1-1: Ball
2-1: Ball
Edgardo De Jesús steals 2nd base
3-1: Fly out, F7 (Flyball, 7)
Top of the 4th over - 1 run, 2 hits, 0 errors, 1 left on base; Plymouth 2 - Calgary 1
BOTTOM OF THE 4TH
Calgary Lynx batting - Pitching for Plymouth Rocks : LHP Luis Arreola
Batting: RHB Michael Garrett 0-0: Ball
1-0: Called Strike
1-1: SINGLE (Groundball, 56D)
Batting: LHB Francisco Santos 0-0: Ball
1-0: Ball
2-0: SINGLE (Groundball, 6MD)
Michael Garrett to second
Batting: RHB Juan Martínez 0-0: Ball
1-0: 3-RUN HOME RUN (Flyball, 7LD), Distance : 370 ft
Batting: RHB Jing-sheng Joo 0-0: Fly out, F9 (Flyball, 9S)
Batting: SHB Ted Striker 0-0: Ball
1-0: Fly out, F7 (Flyball, 7)
Batting: RHB Yifu Chen 0-0: Called Strike
0-1: Fly out, F7 (Flyball, 7)
Bottom of the 4th over - 3 runs, 3 hits, 0 errors, 0 left on base; Plymouth 2 - Calgary 4
TOP OF THE 5TH
Plymouth Rocks batting - Pitching for Calgary Lynx : LHP Andrew Moody
Batting: RHB Luis Guerrero 0-0: Ball
1-0: Called Strike
1-1: Ball
2-1: Ball
3-1: Ground out 6-3 (Groundball, 6)
Batting: RHB Sadakuno Taketo 0-0: Ball
1-0: Ball
2-0: Ball
3-0: Called Strike
3-1: Foul Ball, location: 2F
3-2: Fly out, F9 (Flyball, 9LM)
Batting: RHB Chris Costa 0-0: Called Strike
0-1: Called Strike
0-2: Ball
1-2: Strikes out swinging
Top of the 5th over - 0 runs, 0 hits, 0 errors, 0 left on base; Plymouth 2 - Calgary 4
BOTTOM OF THE 5TH
Calgary Lynx batting - Pitching for Plymouth Rocks : LHP Luis Arreola
Batting: RHB Taylor Landis 0-0: Ball
1-0: Ground out 6-3 (Groundball, 6)
Batting: LHB Daniel García 0-0: Called Strike
0-1: Foul Ball, location: 2F
0-2: Foul Ball, location: 2F
0-2: SINGLE (Line Drive, 9LS)
Batting: RHB Ieyoshi Yamamoto 0-0: Called Strike
0-1: Ball
1-1: Called Strike
1-2: Ball
2-2: Ball
3-2: Foul Ball, location: 2F
3-2: Foul Ball, location: 2F
3-2: Strikes out swinging
Daniel García steals 2nd base
Batter strikes out.
Batting: RHB Michael Garrett 0-0: Foul Ball, location: 2F
0-1: Foul Ball, location: 2F
0-2: Ball
1-2: Ball
2-2: Ball
3-2: Base on Balls
Batting: LHB Francisco Santos 0-0: Called Strike
0-1: Called Strike
0-2: Ball
1-2: Fielders Choice at 2nd, 5-4 (Groundball, 56)
Bottom of the 5th over - 0 runs, 1 hit, 0 errors, 2 left on base; Plymouth 2 - Calgary 4
TOP OF THE 6TH
Plymouth Rocks batting - Pitching for Calgary Lynx : LHP Andrew Moody
Batting: LHB José Castillo 0-0: SINGLE (Line Drive, 8LS)
Batting: SHB Roku Hara 0-0: Ball
1-0: Called Strike
José Castillo steals 2nd base
1-1: Ball
2-1: SINGLE (Flyball, 9LS)
José Castillo to third
Runner from 3rd tries for Home, throw and OUT!
Roku Hara to second
Batting: SHB Javier Vega 0-0: Called Strike
0-1: Ball
1-1: Called Strike
1-2: Foul Ball, location: 2F
1-2: Ball
2-2: SINGLE (Groundball, 4) (infield hit)
Roku Hara to third
Batting: RHB Cosmo Bjorkenheim 0-0: SINGLE (Line Drive, 8LS)
Roku Hara scores
Javier Vega to second
Batting: LHB Edgardo De Jesús 0-0: Ball
1-0: Foul Ball, location: 2F
1-1: SINGLE (Line Drive, 34D)
Javier Vega to third
Cosmo Bjorkenheim to second
Runner from 3rd tries for Home, SAFE, no throw
Batting: RHB Chris Teague 0-0: Ball
1-0: Grounds into double play, 6-4-3 (Groundball, 6)
Top of the 6th over - 2 runs, 5 hits, 0 errors, 1 left on base; Plymouth 4 - Calgary 4
BOTTOM OF THE 6TH
Calgary Lynx batting - Pitching for Plymouth Rocks : LHP Luis Arreola
Batting: RHB Juan Martínez 0-0: Ball
1-0: Swinging Strike
1-1: Ground out 1-3 (Groundball, 13S)
Batting: RHB Jing-sheng Joo 0-0: Ball
1-0: Ball
2-0: Called Strike
2-1: Foul Ball, location: 2F
2-2: Ground out 5-3 (Groundball, 5S)
Batting: SHB Ted Striker 0-0: Ball
1-0: Called Strike
1-1: Ball
2-1: SINGLE (Line Drive, 4D)
Batting: RHB Yifu Chen 0-0: Swinging Strike
0-1: Ball
1-1: Ball
2-1: Ball
3-1: Fly out, F8 (Flyball, 8LM)
Bottom of the 6th over - 0 runs, 1 hit, 0 errors, 1 left on base; Plymouth 4 - Calgary 4
TOP OF THE 7TH
Plymouth Rocks batting - Pitching for Calgary Lynx : LHP Andrew Moody
Batting: RHB Luis Guerrero 0-0: Fly out, F7 (Flyball, 7)
Batting: RHB Sadakuno Taketo 0-0: Ball
1-0: Ground out 4-3 (Groundball, 4M)
Batting: RHB Chris Costa 0-0: Ball
1-0: Fly out, F9 (Flyball, 9LDF)
Top of the 7th over - 0 runs, 0 hits, 0 errors, 0 left on base; Plymouth 4 - Calgary 4
BOTTOM OF THE 7TH
Calgary Lynx batting - Pitching for Plymouth Rocks : LHP Luis Arreola
Batting: RHB Taylor Landis 0-0: Called Strike
0-1: SINGLE (Line Drive, 4D)
Pinch Runner at 1st Salvador Esparza:
Batting: LHB Daniel García 0-0: Ball
1-0: SINGLE (Groundball, 6) (infield hit)
Salvador Esparza to second
Batting: RHB Ieyoshi Yamamoto 0-0: Called Strike
0-1: Ball
1-1: Swinging Strike
1-2: Foul Ball, location: 2F
1-2: Fly out, F8 (Flyball, 89D)
Runner from 2nd tags up, SAFE at 3rd, no throw
Batting: RHB Michael Garrett 0-0: Fly out, F9 (Flyball, 9S)
Pinch Hitting: RHB Miguel Rosales 0-0: Ball
1-0: Fly out, F9 (Flyball, 9S)
Bottom of the 7th over - 0 runs, 2 hits, 0 errors, 2 left on base; Plymouth 4 - Calgary 4
TOP OF THE 8TH
Plymouth Rocks batting - Pitching for Calgary Lynx : LHP Andrew Moody
Now at 2B: Miguel Rosales
Batting: LHB José Castillo 0-0: Called Strike
0-1: Ball
1-1: Foul Ball, location: 2F
1-2: Foul Ball, location: 2F
1-2: Ball
2-2: Ball
3-2: Foul Ball, location: 2F
3-2: Fly out, F7 (Flyball, 7)
Batting: SHB Roku Hara 0-0: Called Strike
0-1: Foul Ball, location: 2F
0-2: Ball
1-2: Ball
2-2: Ball
3-2: Base on Balls
Pitching: RHP Francisco García
Batting: SHB Javier Vega 0-0: 2-RUN HOME RUN (Flyball, 9LD), Distance : 339 ft
Batting: RHB Cosmo Bjorkenheim 0-0: Ball
1-0: Called Strike
1-1: Reached on error, E5 (Groundball, 56)
Batting: LHB Edgardo De Jesús 0-0: Called Strike
0-1: Ball
Cosmo Bjorkenheim steals 2nd base
1-1: Swinging Strike
1-2: Ball
2-2: Strikes out swinging
Batting: RHB Chris Teague 0-0: Called Strike
0-1: Ball
1-1: Ball
2-1: Ball
3-1: Base on Balls
Pinch Hitting: LHB Carlos Álvarez 0-0: Ball
1-0: Swinging Strike
1-1: SINGLE (Flyball, 78M)
Cosmo Bjorkenheim to third
Chris Teague to second
Runner from 3rd tries for Home, SAFE, no throw
Batting: RHB Sadakuno Taketo 0-0: Swinging Strike
0-1: Swinging Strike
0-2: Ball
1-2: Fly out, F3 (Popup, 3SF)
Top of the 8th over - 3 runs, 2 hits, 1 error, 2 left on base; Plymouth 7 - Calgary 4
BOTTOM OF THE 8TH
Calgary Lynx batting - Pitching for Plymouth Rocks : LHP Luis Arreola
Pitching: LHP Ordono Lima
Now at SS: Kazu Hishida
Batting: RHB Juan Martínez 0-0: Called Strike
0-1: Ball
1-1: Swinging Strike
1-2: Ball
2-2: Ball
3-2: Base on Balls
Batting: RHB Jing-sheng Joo 0-0: Ball
1-0: Ball
2-0: Called Strike
2-1: Foul Ball, location: 2F
2-2: SINGLE (Flyball, 89M)
Juan Martínez to second
Batting: SHB Ted Striker 0-0: Grounds into double play, 4-6-3 (Groundball, 34)
Juan Martínez to third
Batting: RHB Yifu Chen 0-0: Fly out, F5 (Popup, 5SF)
Bottom of the 8th over - 0 runs, 1 hit, 0 errors, 1 left on base; Plymouth 7 - Calgary 4
TOP OF THE 9TH
Plymouth Rocks batting - Pitching for Calgary Lynx : RHP Francisco García
Batting: RHB Chris Costa 0-0: Ball
1-0: Fly out, F6 (Popup, 4MD)
Batting: LHB José Castillo 0-0: Ball
1-0: Foul Ball, location: 2F
1-1: Foul Ball, location: 2F
1-2: Ball
2-2: Foul Ball, location: 2F
2-2: Foul Ball, location: 2F
2-2: Foul Ball, location: 2F
2-2: Ball
3-2: Base on Balls
Batting: SHB Roku Hara 0-0: Called Strike
0-1: Called Strike
0-2: Ball
1-2: Ball
José Castillo steals 2nd base
2-2: Ball
3-2: Fly out, F9 (Flyball, 9S)
Batting: SHB Javier Vega 0-0: Ball
José Castillo steals 3rd base
1-0: Ground out 6-3 (Groundball, 6)
Top of the 9th over - 0 runs, 0 hits, 0 errors, 1 left on base; Plymouth 7 - Calgary 4
BOTTOM OF THE 9TH
Calgary Lynx batting - Pitching for Plymouth Rocks : LHP Ordono Lima
Pitching: LHP Roberto Aguirre
Batting: RHB Salvador Esparza 0-0: Ball
1-0: Ball
2-0: Called Strike
2-1: Fly out, F7 (Flyball, 7D)
Batting: LHB Daniel García 0-0: Ball
1-0: Fly out, F9 (Line Drive, 9)
Batting: RHB Ieyoshi Yamamoto 0-0: Ball
1-0: Called Strike
1-1: Foul Ball, location: 2F
1-2: Fly out, F7 (Flyball, 7)
Bottom of the 9th over - 0 runs, 0 hits, 0 errors, 0 left on base; Plymouth 7 - Calgary 4
Tuesday, June 12th, 2018 - OOTP Baseball 18.8 Build 76